 Dungeon Crawl Stone Soup version 0.30.0-15-g856e2d3f33 (webtiles) character file.

Game seed: 12221209250642666444

209362 Kenran the Warrior (level 18, -4/125 HPs)
             Began as a Gargoyle Fighter on May 18, 2023.
             Was the Champion of Okawaru.
             Slain by a demonic crawler (13 damage)
             ... on level 3 of the Spider Nest.
             The game lasted 00:59:14 (28236 turns).

Kenran the Warrior (Gargoyle Fighter)              Turns: 28236, Time: 00:59:15

Health: -4/125     AC: 52    Str: 24    XL:     18   Next: 82%
Magic:  8/24       EV: 10    Int:  7    God:    Okawaru [******]
Gold:   3802       SH:  0    Dex: 13    Spells: 17/17 levels left

rFire   + + .        a - +7 war axe "Lepipnir" {drain, rPois}
rCold   + . .        (no shield)
rNeg    + . .        w - +9 plate armour {rF+}
rPois   ∞            Q - +0 helmet "Nicvex" {Fly rCorr Int-5}
rElec   +            D - +0 cloak
rCorr   +            W - +2 pair of gloves {Str+3}
SInv    +            c - +1 pair of boots of Knowledge {rF+ SInv}
Will    +....        R - amulet of Vitality {RegenMP++ Regen++} Stlth
                     K - +4 ring of protection
HPRegen 2.00/turn    C - ring of Plog {rElec rC+ rCorr Slay+3 Stlth+}
MPRegen 0.99/turn

%: no passive effects
@: flying, studying Ice Magic
A: sickness immunity, AC +13, big wings, negative energy resistance 1,
electricity resistance, torment resistance 1, petrification resistance
}: 1/15 runes: decaying
a: Renounce Religion, Heroism, Finesse, Duel


You were on level 3 of the Spider Nest.
You worshipped Okawaru.
Okawaru was exalted by your worship.
You visited 6 branches of the dungeon, and saw 31 of its levels.
You also visited: Sewer, Bailey, Ice Cave and Volcano.

You collected 3916 gold pieces.
You spent 114 gold pieces at shops.

Inventory:

Hand Weapons
 a - the +7 war axe "Lepipnir" (weapon) {drain, rPois}
   (You found it on level 1 of the Lair of Beasts)

   rPois:     It protects you from poison.
 b - the +7 demon whip "Ihoguhep" {antimagic, rElec rF- Int-5 SInv}
   (Okawaru gifted it to you on level 3 of the Lair of Beasts)

   Int:       It affects your intelligence (-5).
   rF:        It makes you vulnerable to fire.
   rElec:     It insulates you from electricity.
   SInv:      It lets you see invisible.
Missiles
 G - a throwing net (quivered)
Armour
 c - the +1 pair of boots of Knowledge (worn) {rF+ SInv}
   (Okawaru gifted it to you on level 2 of the Spider Nest)

   rF:        It protects you from fire.
   SInv:      It lets you see invisible.
 w - a +9 plate armour of fire resistance (worn)
 D - a +0 cloak (worn)
 Q - the +0 helmet "Nicvex" (worn) {Fly rCorr Int-5}
   (Okawaru gifted it to you on level 5 of the Lair of Beasts)

   Int:       It affects your intelligence (-5).
   Fly:       It grants you flight.
   rCorr:     It protects you from acid and corrosion.
 W - a +2 pair of gloves of strength (worn)
Jewellery
 C - the ring of Plog (right hand) {rElec rC+ rCorr Slay+3 Stlth+}
   (You acquired it on level 6 of the Dungeon)

   [ring of protection from cold]

   Slay:      It affects your accuracy & damage with ranged weapons and melee
   (+3).
   rC:        It protects you from cold.
   rElec:     It insulates you from electricity.
   rCorr:     It protects you from acid and corrosion.
   Stlth:     It makes you more stealthy.
 J - a ring of fire
 K - a +4 ring of protection (left hand)
 R - the amulet of Vitality (around neck) {RegenMP++ Regen++}
   (You acquired it on level 5 of the Lair of Beasts)

   [amulet of magic regeneration]

   It increases your rate of magic regeneration.
   Regen:     It increases your rate of health regeneration.
Wands
 j - a wand of light (12)
 o - a wand of mindburst (38)
 r - a wand of polymorph (2)
 E - a wand of flame (83)
 M - a wand of iceblast (17)
Scrolls
 e - 4 scrolls of magic mapping
 g - 3 scrolls of poison
 h - 9 scrolls of immolation {!r}
 l - 8 scrolls of teleportation
 q - 2 scrolls of vulnerability {!r}
 t - a scroll of identify {@r1}
 v - a scroll of brand weapon
 x - 6 scrolls of torment {!r}
 y - 9 scrolls of enchant weapon
 L - a scroll of fear
 O - 5 scrolls of fog
Potions
 d - 8 potions of might
 f - 10 potions of curing {@q1}
 i - 8 potions of cancellation
 m - 7 potions of flight
 n - 6 potions of haste
 p - 11 potions of heal wounds {@q2}
 s - 5 potions of lignification {!q}
 u - 2 potions of berserk rage {!q}
 z - 5 potions of magic
 A - 7 potions of brilliance
 B - 5 potions of invisibility
 F - 3 potions of attraction {!q}
 H - 2 potions of mutation {!q}
 N - 10 potions of ambrosia
 P - 3 potions of resistance
Miscellaneous
 k - a tin of tremorstones (2/2)


   Skills:
 - Level 18.0 Fighting
 + Level 17.9(18.7) Axes
 - Level 10.4(17.5) Maces & Flails
 - Level 12.0(13.5) Staves
 - Level 14.0 Armour
 + Level 6.4 Dodging
 - Level 3.2 Shields
 - Level 8.0 Invocations
 - Level 3.0 Evocations


You had 17 spell levels left.
You didn't know any spells.
Your spell library contained the following spells:

 Spells                   Type           Power      Damage    Failure   Level
 Apportation              Tloc           0%         N/A       98%         1
 Necrotise                Necr           0%         1d4       98%         1
 Slow                     Hex            0%         N/A       98%         1
 Sting                    Tmut/Pois      0%         1d3       98%         1
 Ensorcelled Hibernation  Hex/Ice        0%         N/A       99%         2
 Poisonous Vapours        Pois/Air       0%         N/A       99%         2
 Confusing Touch          Hex            0%         N/A       100%        3
 Dazzling Flash           Conj/Hex       0%         N/A       100%        3
 Frozen Ramparts          Ice            0%         1d1       100%        3
 Gell's Gravitas          Tloc           0%         N/A       100%        3
 Inner Flame              Hex/Fire       0%         N/A       100%        3
 Ozocubu's Armour         Ice            0%         N/A       100%        3
 Portal Projectile        Hex/Tloc       0%         N/A       100%        3
 Spider Form              Tmut/Pois      0%         N/A       100%        3
 Stone Arrow              Conj/Erth      0%         3d7       100%        3
 Teleport Other           Tloc           0%         N/A       100%        3
 Vampiric Draining        Necr           0%         2d6       100%        3
 Volatile Blastmotes      Fire/Tloc      0%         2d10      100%        3
 Anguish                  Hex/Necr       0%         N/A       100%        4
 Ice Form                 Ice/Tmut       0%         N/A       100%        4
 Iskenderun's Mystic Bla  Conj/Tloc      0%         2d3       100%        4
 Leda's Liquefaction      Hex/Erth       0%         N/A       100%        4
 Olgreb's Toxic Radiance  Pois           0%         N/A       100%        4
 Passage of Golubria      Tloc           0%         N/A       100%        4
 Petrify                  Tmut/Erth      0%         N/A       100%        4
 Agony                    Necr           0%         N/A       100%        5
 Blade Hands              Tmut           0%         N/A       100%        5
 Irradiate                Conj/Tmut      0%         3d11      100%        5
 Metabolic Englaciation   Hex/Ice        0%         N/A       100%        5
 Silence                  Hex/Air        0%         N/A       100%        5
 Yara's Violent Unravell  Hex/Tmut       0%         3d3       100%        5
 Dispersal                Tloc           0%         N/A       100%        6
 Iron Shot                Conj/Erth      0%         9d1       100%        6
 Starburst                Conj/Fire      0%         6d3       100%        6
 Dragon Form              Tmut           0%         N/A       100%        7
 Enfeeble                 Hex            0%         N/A       100%        7
 Ozocubu's Refrigeration  Ice            0%         4d7       100%        7
 Lehudib's Crystal Spear  Conj/Erth      0%         10d2      100%        8
 Summon Small Mammal      Summ           Unusable   N/A       N/A         1
 Call Canine Familiar     Summ           Unusable   N/A       N/A         3
 Animate Armour           Summ/Erth      Unusable   N/A       N/A         4
 Summon Ice Beast         Ice/Summ       Unusable   N/A       N/A         4
 Statue Form              Tmut/Erth      Unusable   N/A       N/A         6

Dungeon Overview and Level Annotations

Branches:
Dungeon (15/15)            Temple (1/1) D:4            Lair (5/5) D:11
  Swamp (4/4) Lair:2       Spider (4/4) Lair:2        Slime (0/5) Lair:4
    Orc (2/2) D:9             Elf (0/3) Orc:2        Vaults (0/5) D:13
 Depths (0/4) D:15          Sewer (visited)          Bailey (visited)
  IceCv (visited)         Volcano (visited)

Altars:
Ashenzari
Cheibriados
Dithmenos
Elyvilon
Fedhas
Gozag
Hepliaklqana
Kikubaaqudgha
Makhleb
Nemelex Xobeh
Okawaru
Qazlal
Ru
Sif Muna
Trog
Uskayaw
Vehumet
Wu Jian
Xom
Yredelemnul
Zin
The Shining One

Shops:
D:9 *   D:12 (   Orc:2 (**=[

Annotations:
D:7 2 transporters, P0WERM0DE's ghost, novice DsCK
Lair:4 1 runed translucent door
Spider:1 Roxanne
Spider:4 2 transporters, Zookeeper's ghost, adept MiGl
Orc:1 1 runed translucent door, tatocazan's ghost, journeyman MiFi


Innate Abilities, Weirdness & Mutations

You are immune to sickness and miasma.
Your stone body is resilient. (AC +13)
You are immune to poison.
Your large and strong wings let you fly.
You resist negative energy. (rN+)
You are resistant to electric shocks. (rElec)
You are resistant to unholy torment.
You are immune to petrification.


Message History

The redback is lightly wounded.
The redback bites you but does no damage.
You completely miss the redback.
The redback is lightly wounded.
The redback bites you but does no damage. x2
You slash the redback! You drain the redback.
The redback is heavily wounded.
The redback barely misses you.
The redback bites you but does no damage.
You slice the redback!!
You kill the redback!
Okawaru accepts your kill. The demonic crawler hits you!
* * * LOW HITPOINT WARNING * * *
The demonic crawler hits you but does no damage.
The demonic crawler barely misses you.
You slash the demonic crawler!
The demonic crawler is lightly wounded.
The demonic crawler hits you but does no damage.
The demonic crawler barely misses you.
The demonic crawler hits you but does no damage.
You hit the demonic crawler but do no damage.
The demonic crawler is lightly wounded.
The demonic crawler barely misses you. The demonic crawler hits you.
* * * LOW HITPOINT WARNING * * *
The demonic crawler barely misses you.
You barely miss the demonic crawler. The demonic crawler barely misses you.
The demonic crawler hits you but does no damage. x2
The demonic crawler completely misses you.
The demonic crawler closely misses you.
The demonic crawler hits you but does no damage.
You slice the demonic crawler!!
The demonic crawler is lightly wounded.
The demonic crawler hits you but does no damage.
The demonic crawler misses you. The demonic crawler hits you!!
* * * LOW HITPOINT WARNING * * *
You hit the demonic crawler.
The demonic crawler is lightly wounded.
The demonic crawler barely misses you. The demonic crawler hits you!
You die...

..#.✳......).#...##
.#✳#..#...#####.####
.######.....##..##.# ##
##..#.###....#### .###
#...#✳✳###...##.## ...#
#######..##.✳.#..### ##.##
###.####✳#...##### #...# #..#
###..#.#..# ≣≣.≣≣##### ##@###
#####..## .✳...≣≣..## ###s.##
##.).## ..✳✳...≣✳.#
##....[####.†...## .†......≣.#
#.........#...<..### ...✳.....≣#
##.#✳............✳#. ...✳.....≣#
#####..#✳.....#......
✳..✳✳.....≣##...#..#...#..##.....
..........≣...✳##..#..##.###...##
.✳†.......✳.#.#✳#✳###.#.## #...✳#


You could see a demonic crawler (berserk).

Vanquished Creatures
  Arachne (Spider:3)
  Asterion (Spider:3)
  A fenstrider witch (Swamp:3)
  5 emperor scorpions
  Louise (Swamp:4)
  2 ghost moths
  Aizul (Swamp:4)
  2 orc warlords
  3 broodmothers
  4 eleionomae
  The ghost of puimuR the Severer, a journeyman MeFi of the Shining One (Orc:2)
  6 dire elephants (Lair:5)
  A spark wasp (Spider:2)
  5 bunyips
  A fire dragon (Volcano)
  2 blizzard demons (IceCv)
  2 shambling mangroves
  An entropy weaver (Spider:4)
  8 vault guards (D:13)
  A caustic shrike simulacrum (IceCv)
  21 hydras
  7 radroaches
  2 catoblepae
  2 boulder beetles
  A jorogumo (Spider:3)
  An ogre mage (Orc:2)
  2 ghost crabs
  10 two-headed ogres
  11 alligators
  2 centaur warriors (D:15)
  2 tengu warriors
  A vampire mage (D:15)
  5 spriggans
  9 death yaks
  Sonja (Lair:4)
  3 orc high priests (Orc:2)
  A titan skeleton (D:15)
  A titan zombie (D:15)
  2 skysharks
  A spectral anaconda (Lair:5)
  2 spectral death yaks (Lair:5)
  A fire crab (Lair:5)
  3 goliath frogs
  9 pharaoh ants
  A skeletal warrior (D:15)
  8 spriggan druids
  A sun moth (Spider:3)
  A death drake (Swamp:3)
  10 swamp dragons
  2 bog bodies
  2 obsidian statues
  4 orb spiders
  A wizard (D:14)
  2 lindwurms
  6 steelbarb worms
  5 necromancers
  8 spriggan simulacra (IceCv)
  2 deep elf pyromancers
  4 orc sorcerers (Orc:2)
  5 orc knights
  A tengu zombie (D:15)
  21 wolf spiders
  A moth of wrath (Spider:2)
  4 ugly things
  3 will-o-the-wisps
  5 cyclopes
  2 manticores
  4 black mambas
  A dire elephant zombie (Lair:5)
  2 molten gargoyles (Volcano)
  6 demonic crawlers
  24 elephants
  5 torpor snails
  13 cane toads
  6 rime drakes
  8 komodo dragons
  An efreet (D:15)
  An unseen horror (D:10)
  A kobold demonologist (D:12)
  4 freezing wraiths
  An anaconda simulacrum (IceCv)
  A tengu conjurer (D:14)
  8 ice devils (IceCv)
  6 trolls
  A golden dragon simulacrum (IceCv)
  A guardian mummy (D:15)
  A queen bee (shapeshifter) (D:12)
  A queen bee (Spider:1)
  23 tarantellas
  9 tyrant leeches
  9 meliai
  4 hornets
  5 blink frogs
  3 spectral elephants (Lair:5)
  9 slime creatures
  5 dream sheep (Lair:3)
  A spriggan zombie (D:15)
  A vampire (D:12)
  9 culicivoras
  20 jumping spiders
  2 dire elephant simulacra (IceCv)
  2 wyverns
  2 shadows
  5 fire bats (Volcano)
  32 yaks
  6 minotaur simulacra (IceCv)
  4 steam dragons
  8 basilisks
  9 vampire mosquitoes
  33 redbacks
  3 wargs (Orc:2)
  13 swamp worms
  A harpy simulacrum (IceCv)
  A spectral cane toad (Lair:5)
  An acid dragon (D:8)
  2 hell hounds (Volcano)
  18 water moccasins
  9 swamp drakes
  30 orc warriors
  3 alligator simulacra (IceCv)
  2 ettin simulacra (IceCv)
  8 ogres
  A black bear (D:6)
  38 wolves
  6 centaurs
  2 phantoms (D:6)
  9 kobold brigands
  9 bullfrogs
  A scorpion (D:7)
  3 gnoll sergeants
  10 deep troll simulacra (IceCv)
  A cane toad simulacrum (Lair:5)
  2 lindwurm simulacra (IceCv)
  31 killer bees
  5 electric eels
  3 howler monkeys (D:8)
  3 hounds
  6 lava snakes (Volcano)
  17 orc priests
  A sleepcap (D:8)
  2 jellies
  2 gnoll boudas
  2 iguanas
  Jessica (D:2)
  30 orc wizards
  27 gnolls
  12 adders
  A river rat (Sewer)
  4 white imps
  2 ufetubi (D:6)
  4 worms
  5 dart slugs
  74 orcs
  7 ball pythons
  12 endoplasms
  9 giant cockroaches
  9 goblins
  12 hobgoblins
  13 jackals
  17 kobolds
  6 quokkas
  6 bats
  11 frilled lizards
  9 rats
1061 creatures vanquished.

Vanquished Creatures (others)
  A goliath frog (Swamp:3)
  An elephant (Lair:5)
  3 bloated husks
  2 hornets (Swamp:3)
  A blink frog (Lair:5)
  A swamp worm (Swamp:3)
  12 foxfires
21 creatures vanquished.

Grand Total: 1082 creatures vanquished

Notes
Turn   | Place    | Note
-------+----------+-------------------------------------------
     0 | D:1      | Kenran the Gargoyle Fighter began the quest for the Orb.
     0 | D:1      | Reached XP level 1. HP: 14/14 MP: 1/1
    88 | D:1      | Reached XP level 2. HP: 19/19 MP: 2/2
   310 | D:1      | Reached XP level 3. HP: 17/23 MP: 3/3
   313 | D:1      | Found a faded altar of an unknown god.
   676 | D:2      | Identified the +8 quarterstaff of Pamith {elec, rC++ rN+
                  | Int-3 Dex+3}
   792 | D:2      | Reached skill level 1 in Staves
   793 | D:2      | Reached XP level 4. HP: 27/28 MP: 4/4
   958 | D:2      | Noticed Jessica
   968 | D:2      | Killed Jessica
  1604 | D:3      | Reached XP level 5. HP: 29/32 MP: 5/5
  1685 | D:3      | Found a glowing golden altar of the Shining One.
  2297 | D:4      | Reached XP level 6. HP: 18/37 MP: 6/6
  2443 | D:4      | Found a staircase to the Ecumenical Temple.
  2458 | Temple   | Entered the Ecumenical Temple
  2568 | Temple   | Became a worshipper of Warmaster Okawaru
  3166 | D:5      | Entered Level 5 of the Dungeon
  3306 | D:5      | Noticed a steam dragon
  3317 | D:5      | Killed a steam dragon
  3318 | D:5      | Reached skill level 5 in Staves
  3343 | D:5      | Reached XP level 7. HP: 39/41 MP: 7/7
  3837 | D:6      | Found a glowing drain.
  3859 | Sewer    | Entered a sewer
  3967 | Sewer    | Reached * piety under Okawaru
  4121 | Sewer    | Reached XP level 8. HP: 45/46 MP: 8/8
  4476 | D:6      | Found a white marble altar of Elyvilon.
  4483 | D:6      | Identified 2 scrolls of acquirement
  4484 | D:6      | Acquired the ring of Plog {rElec rC+ rCorr Slay+3 Stlth+}
  4487 | D:6      | Acquired 1111 gold pieces
  4495 | D:6      | Reached ** piety under Okawaru
  4542 | D:6      | Reached skill level 4 in Fighting
  4578 | D:6      | Reached skill level 5 in Fighting
  4746 | D:6      | Reached XP level 9. HP: 55/55 MP: 9/9
  4993 | D:6      | Found a snail-covered altar of Cheibriados.
  4996 | D:6      | Found a shimmering altar of Xom.
  4999 | D:6      | Found a sacrificial altar of Ru.
  5094 | D:7      | Reached skill level 6 in Fighting
  5260 | D:7      | Reached skill level 5 in Armour
  5341 | D:7      | Reached *** piety under Okawaru
  5556 | D:7      | Noticed a moth of wrath
  5569 | D:7      | Found a transporter.
  5575 | D:7      | Found a bloodstained altar of Trog.
  5575 | D:7      | Noticed a troll
  5575 | D:7      | Noticed P0WERM0DE's ghost (novice DsCK)
  5649 | D:7      | Found a shimmering blue altar of Sif Muna.
  5652 | D:7      | Found a basalt altar of Yredelemnul.
  5655 | D:7      | Found a sparkling altar of Nemelex Xobeh.
  5658 | D:7      | Found a broken altar of Ashenzari.
  5822 | D:7      | Found a transporter.
  5909 | D:7      | Identified the +2 leather armour of the Pink Corner {rC+
                  | Int+3}
  5916 | D:7      | Reached skill level 5 in Maces & Flails
  6575 | D:8      | Noticed a two-headed ogre
  6580 | D:8      | Killed a two-headed ogre
  6580 | D:8      | Reached **** piety under Okawaru
  6581 | D:8      | Reached XP level 10. HP: 60/60 MP: 10/10
  6623 | D:8      | Found a radiant altar of Vehumet.
  7315 | D:9      | Noticed a two-headed ogre
  7327 | D:9      | Killed a two-headed ogre
  7333 | D:9      | Reached ***** piety under Okawaru
  7338 | D:9      | Reached skill level 10 in Maces & Flails
  7621 | D:9      | Found a burning altar of Makhleb.
  7710 | D:9      | Found Udumayhi's General Store.
  7719 | D:9      | Found a staircase to the Orcish Mines.
  7909 | D:9      | Noticed a +0 dagger
  7912 | D:9      | Found a hide-covered altar of Uskayaw.
  7912 | D:9      | Noticed a +0 hand axe
  8233 | D:10     | Entered Level 10 of the Dungeon
  8333 | D:10     | Reached skill level 7 in Fighting
  8354 | D:10     | Found a flagged portal.
  8586 | D:10     | Noticed a two-headed ogre
  8592 | D:10     | Killed a two-headed ogre
  8593 | D:10     | Reached skill level 8 in Fighting
  8593 | D:10     | Reached XP level 11. HP: 69/69 MP: 11/11
  8628 | Bailey   | Entered a bailey
  8790 | Bailey   | Noticed an orc knight
  8832 | Bailey   | Reached skill level 9 in Fighting
  8945 | D:10     | Identified the +1 robe of Cirufucsi {Int+4}
  9030 | D:10     | Found an opulent altar of Gozag.
  9290 | D:10     | Identified the +0 ring mail "Daiv" {Str+2 Dex+4 Stlth+}
  9478 | D:11     | Identified the +4 battleaxe of Kijy {protect, Str+4}
  9507 | D:11     | Reached skill level 10 in Fighting
  9518 | D:11     | Noticed a cyclops
  9525 | D:11     | Killed a cyclops
  9589 | D:11     | Reached skill level 10 in Staves
  9729 | D:11     | Found a staircase to the Lair.
  9986 | D:11     | Identified the +3 flail "Gargoyle's Foe" {antimagic, Dex+4
                  | SInv}
 10197 | Lair:1   | Entered Level 1 of the Lair of Beasts
 10421 | Lair:1   | Noticed a catoblepas
 10433 | Lair:1   | Reached ****** piety under Okawaru
 10449 | Lair:1   | Killed a catoblepas
 10658 | Lair:1   | Received a gift from Okawaru
 10788 | Lair:1   | Identified the +7 war axe "Lepipnir" {drain, rPois}
 11181 | Lair:2   | Reached skill level 1 in Axes
 11397 | Lair:2   | Reached XP level 12. HP: 77/77 MP: 12/12
 11447 | Lair:2   | Reached skill level 1 in Invocations
 11447 | Lair:2   | Found a staircase to the Swamp.
 11454 | Lair:2   | Reached skill level 5 in Axes
 11507 | Lair:2   | Found a hole to the Spider Nest.
 11617 | Lair:2   | Noticed a five-headed hydra
 11636 | Lair:2   | Killed a five-headed hydra
 11636 | Lair:2   | Identified the +3 chain mail "Qitaloepn" {Int+4} (Okawaru
                  | gifted it to you on level 2 of the Lair of Beasts)
 11636 | Lair:2   | Received a gift from Okawaru
 12353 | Lair:3   | Noticed a skyshark
 12375 | Lair:3   | Killed a skyshark
 12386 | Lair:3   | Noticed a seven-headed hydra
 12399 | Lair:3   | Killed a seven-headed hydra
 12612 | Lair:3   | Found a dark tunnel.
 12620 | Volcano  | Entered a volcano
 12887 | Volcano  | Found a radiant altar of Vehumet.
 12901 | Volcano  | Noticed a fire dragon
 12912 | Volcano  | Killed a fire dragon
 13254 | Lair:3   | Identified the +3 leather armour "Qilore Xodou" {rPois rC-
                  | Str+9}
 13278 | Lair:3   | Identified the +7 demon whip "Ihoguhep" {antimagic, rElec
                  | rF- Int-5 SInv} (Okawaru gifted it to you on level 3 of the
                  | Lair of Beasts)
 13278 | Lair:3   | Received a gift from Okawaru
 13500 | Lair:3   | Reached XP level 13. HP: 73/82 MP: 15/15
 13502 | Lair:3   | Reached skill level 10 in Axes
 14000 | Lair:4   | Received a gift from Okawaru
 14052 | Lair:4   | Noticed Sonja
 14057 | Lair:4   | Killed Sonja
 14497 | Lair:4   | Found a runed translucent door.
 14499 | Lair:4   | Found a staircase to the Slime Pits.
 14500 | Lair:4   | Noticed an acid blob
 14632 | Lair:5   | Entered Level 5 of the Lair of Beasts
 14696 | Lair:5   | Reached skill level 1 in Evocations
 14928 | Lair:5   | Identified the +0 helmet "Nicvex" {Fly rCorr Int-5}
                  | (Okawaru gifted it to you on level 5 of the Lair of Beasts)
 14928 | Lair:5   | Received a gift from Okawaru
 14935 | Lair:5   | Gained mutation: Your large and strong wings let you fly.
                  | [Gargoyle growth]
 14935 | Lair:5   | Reached XP level 14. HP: 88/88 MP: 17/17
 14965 | Lair:5   | Reached skill level 5 in Invocations
 15060 | Lair:5   | Reached skill level 11 in Fighting
 15363 | Lair:5   | Reached skill level 12 in Fighting
 15535 | Lair:5   | Acquired the amulet of Vitality {RegenMP++ Regen++}
 15535 | Lair:5   | Found the amulet of Vitality {RegenMP++ Regen++}
 15609 | Lair:5   | Noticed a dire elephant
 15609 | Lair:5   | Noticed a dire elephant
 15626 | Lair:5   | Killed a dire elephant
 15634 | Lair:5   | Killed a dire elephant
 15635 | Lair:5   | Reached skill level 1 in Dodging
 15772 | Lair:5   | Received a gift from Okawaru
 15851 | Lair:5   | Noticed a dire elephant
 15852 | Lair:5   | Noticed a dire elephant
 15854 | Lair:5   | Noticed a dire elephant
 15999 | Lair:5   | Noticed a dire elephant
 16017 | Lair:5   | Killed a dire elephant
 16019 | Lair:5   | Killed a dire elephant
 16248 | Lair:5   | Killed a dire elephant
 16313 | Lair:5   | Killed a dire elephant
 16519 | Lair:5   | Reached XP level 15. HP: 77/96 MP: 18/18
 17062 | D:12     | Found Mihal's Weapon Boutique.
 17101 | D:12     | Reached skill level 10 in Armour
 17669 | D:13     | Received a gift from Okawaru
 17811 | D:13     | Found a gate to the Vaults.
 18248 | D:14     | Noticed Nessos
 18257 | D:14     | Nessos changed into Nessos the blink frog
 18257 | D:14     | Noticed Nessos
 18267 | D:14     | Killed Nessos the blink frog
 18354 | D:14     | Received a gift from Okawaru
 18617 | D:14     | Found a sparkling altar of Nemelex Xobeh.
 18677 | D:15     | Entered Level 15 of the Dungeon
 18830 | D:15     | Found a staircase to the Depths.
 19241 | D:15     | Found an opulent altar of Gozag.
 19575 | Orc:1    | Entered Level 1 of the Orcish Mines
 19600 | D:9      | Reached skill level 13 in Fighting
 19895 | Orc:1    | Found a runed translucent door.
 19899 | Orc:1    | Noticed tatocazan's ghost (journeyman MiFi)
 20067 | Orc:2    | Entered Level 2 of the Orcish Mines
 20073 | Orc:2    | Identified the +1 steam dragon scales "Soir Xecu" {+Inv}
                  | (Okawaru gifted it to you on level 2 of the Orcish Mines)
 20073 | Orc:2    | Received a gift from Okawaru
 20112 | Orc:2    | Noticed an orc warlord
 20193 | Orc:2    | Noticed an orc warlord
 20240 | Orc:1    | Reached XP level 16. HP: 78/103 MP: 19/19
 20338 | Orc:2    | Found a staircase to the Elven Halls.
 20350 | Orc:2    | Noticed puimuR's ghost (journeyman MeFi)
 20357 | Orc:2    | Found Qipp's Armour Boutique.
 20360 | Orc:2    | Found a runed translucent gate.
 20360 | Orc:2    | Found a runed translucent gate.
 20361 | Orc:2    | Found a runed translucent gate.
 20498 | Orc:2    | Paralysed by an orc sorcerer for 4 turns
 20515 | Orc:2    | Reached skill level 14 in Fighting
 20663 | Orc:2    | Found Ynly's General Store.
 20663 | Orc:2    | Found Fydasoip's Antique Weapon Emporium.
 20665 | Orc:2    | Found Uhaorchath's Jewellery Shop.
 20665 | Orc:2    | Found Voqolaodi's Assorted Antiques.
 20671 | Orc:2    | Bought a potion of might for 48 gold pieces
 20674 | Orc:2    | Bought a scroll of identify for 46 gold pieces
 20674 | Orc:2    | Bought a bubbling silvery potion for 20 gold pieces
 20975 | Orc:2    | Killed puimuR's ghost
 21175 | Swamp:1  | Entered Level 1 of the Swamp
 21180 | Swamp:1  | You are sucked into a shaft and drop 1 floor!
 21363 | Swamp:2  | Reached skill level 15 in Fighting
 21444 | Swamp:2  | Found a frozen archway.
 21458 | IceCv    | Entered an ice cave
 21634 | IceCv    | Identified the +9 ice dragon scales of the Viny Wumpus {rF-
                  | rC++ rN+ rCorr Str+6 Stlth+}
 21733 | IceCv    | Identified the +0 pair of gloves "Kuklicir" {rPois rF++ rC-
                  | Regen+} (Okawaru gifted it to you in an ice cave)
 21733 | IceCv    | Received a gift from Okawaru
 21786 | IceCv    | Reached skill level 16 in Fighting
 22127 | IceCv    | Identified the +3 trident "Hell-Harrower" {flame, rCorr}
 22233 | Swamp:2  | Found the +8 autumn katana {manifold assault}
 23259 | Swamp:3  | Reached skill level 15 in Axes
 23383 | Swamp:2  | Reached XP level 17. HP: 112/115 MP: 21/21
 23978 | Swamp:4  | Entered Level 4 of the Swamp
 24124 | Swamp:4  | Received a gift from Okawaru
 24354 | Swamp:4  | Noticed Louise
 24369 | Swamp:4  | Killed Louise
 24380 | Swamp:4  | Noticed Aizul
 24420 | Swamp:4  | Killed Aizul
 24420 | Swamp:4  | Identified the +7 war axe of the Final Chapter {drain,
                  | rElec} (Okawaru gifted it to you on level 4 of the Swamp)
 24420 | Swamp:4  | Received a gift from Okawaru
 24424 | Swamp:4  | Reached skill level 17 in Fighting
 24608 | Swamp:4  | Got a decaying rune of Zot
 24879 | Spider:1 | Entered Level 1 of the Spider Nest
 25225 | Spider:1 | Noticed Roxanne
 26063 | Spider:2 | Identified the +1 pair of boots of Knowledge {rF+ SInv}
                  | (Okawaru gifted it to you on level 2 of the Spider Nest)
 26063 | Spider:2 | Received a gift from Okawaru
 26362 | Spider:2 | Identified the +6 battleaxe "Zomeha" {heavy, rF+}
 26446 | Spider:2 | Reached XP level 18. HP: 110/124 MP: 24/24
 26705 | Spider:3 | Noticed Arachne
 26754 | Spider:3 | Reached skill level 18 in Fighting
 26788 | Spider:3 | Killed Arachne
 27398 | Spider:3 | Received a gift from Okawaru
 27455 | Spider:3 | Reached skill level 5 in Dodging
 27865 | Spider:4 | Entered Level 4 of the Spider Nest
 27867 | Spider:4 | Noticed Asterion
 27885 | Spider:3 | Killed Asterion
 27985 | Spider:4 | Identified the +3 ring mail "Caasobusk" {Int+2} (Okawaru
                  | gifted it to you on level 4 of the Spider Nest)
 27985 | Spider:4 | Received a gift from Okawaru
 28003 | Spider:4 | Found a transporter.
 28006 | Spider:4 | Found a transporter.
 28006 | Spider:4 | Noticed Zookeeper's ghost (adept MiGl)
 28236 | Spider:3 | Slain by a demonic crawler

Illustrated notes

Levels and vault maps discovered:
D:1:      ebering_trefoil_twist, layout_rooms,
          ebering_ecumenical_altar_petrified, minmay_pentomino_u2
D:2:      layout_basic, minmay_quadrilaterals, uniq_jessica
D:3:      layout_loops_ring, mainiacjoe_overflow_catwalk, minmay_lizard_king
D:4:      layout_rooms, minmay_temple_entry_ruins, fountainhead,
          amcnicky_mini_rare_corridor_liquid, chequers_serial_rivers_micro_a,
          sigmund_army
D:5:      layout_loops_cross, minmay_holes
D:6:      layout_cave_pools, mainiacjoe_overflow_concentric_impassable,
          grunt_temple_overflow_diamond, portal_sewer_entry_f
D:7:      layout_basic, grunt_temple_overflow_cloverleaf,
          gammafunk_ghost_wrathful_warriors
D:8:      layout_loops_cross, nicolae_vehumet_altar_sigil, solitary_fountain,
          wad_floor_pattern_2, minmay_misc_feat_tower
D:9:      layout_stronghold, dancing_weapons_uskayaw, lightli_temple_of_fire,
          orc_0_dummy, serial_shops, shop
D:10:     layout_loops_ring, general_overflow_altar, enter_bailey_5
D:11:     layout_basic, david_lair_shrubbed
D:12:     layout_loops_ring, serial_shops, shop, serial_co_window_serial,
          co_window_corner_a, co_window_of_opportunity_a, co_window_paths_a,
          co_window_corner_a, co_window_paths_a, co_window_2corner,
          co_window_broadway_a, co_window_corner_b, co_window_of_opportunity_b,
          co_window_sun, co_window_4corner_a, glass_columns_c, glass_columns_c,
          glass_columns_c, glass_columns_a, glass_columns_c
D:13:     layout_roguey, erik_vaults_2
D:14:     layout_basic, nemelex_xobeh_ov_fountains_minmay, uniq_nessos
D:15:     gammafunk_depths_entry_grave, layout_irregular_city,
          lemuel_round_altar
Temple:   kb_temple_of_zot
Lair:1:   layout_loops_ring
Lair:2:   layout_roguey, minmay_swamp_entry_swarm, spider_nest_entry_webs,
          grunt_megastairs_3, lemuel_fruit_tree, serial_bayou_shore_a,
          infiniplex_staircase_pool
Lair:3:   layout_big_grid, enter_volcano_4, grunt_megastairs_4
Lair:4:   layout_misc_corridors, slime_entry_2, grunt_megastairs_2, uniq_sonja
Lair:5:   due_jungle_book, layout_misc_corridors, grunt_forest_large_clearings
Swamp:1:  layout_basic_swamp, hangedman_swamp_ruin_hall, swamp_pool2,
          infiniplex_staircase_pool_2
Swamp:2:  layout_basic_swamp, portal_ice_cave_entry_pillars_1,
          nicolae_swamp_tree_designs
Swamp:3:  layout_falls_marsh, evilmike_swamp_ruin_house_1
Swamp:4:  swamp, layout_basic_swamp, uniq_louise, uniq_aizul
Spider:1: layout_cave_pods, special_room [special_room_bee],
          nicolae_spider_spiderdrome, uniq_roxanne
Spider:2: layout_spider_delve
Spider:3: layout_spider_delve, nicolae_arachne_temple
Spider:4: guppyfry_spider_rune, gammafunk_ghost_arena, special_room,
          uniq_asterion
Orc:1:    layout_caves, ebering_ghost_inner_flame
Orc:2:    grunt_orc_tribal_feast, layout_caves, gammafunk_ghost_split,
          serial_shops, shop

Skill      XL: |  1  2  3  4  5  6  7  8  9 10 11 12 13 14 15 16 17 18 |
---------------+-------------------------------------------------------+-----
Maces & Flails | 3 8 10 | 10.4
Staves         | 1 3 4 6 7 9 12 | 12.0
Fighting       | 5 6 8 10 12 13 16 17 18 | 18.0
Armour         | 6 9 11 14 | 14.0
Axes           | 3 9 12 13 14 15 16 17 | 17.9
Invocations    | 3 4 5 8 |  8.0
Evocations     | 2 3 |  3.0
Dodging        | 3 4 6 |  6.4
Shields        | |  3.2

Action                     |  1- 3 |  4- 6 |  7- 9 | 10-12 | 13-15 | 16-18 || total
---------------------------+-------+-------+-------+-------+-------+-------++-------
  Melee: Flail             |    95 |       |       |       |       |       ||    95
         Quarterstaff      |    14 |   129 |   241 |   286 |       |       ||   670
         War axe           |       |       |       |   186 |  1031 |  1688 ||  2905
         Punch             |       |       |       |     2 |    15 |    30 ||    47
         Demon whip        |       |       |       |       |     5 |    96 ||   101
 Invoke: Heroism           |       |       |       |     1 |     3 |     2 ||     6
  Evoke: Wand              |       |       |     2 |     4 |     6 |       ||    12
    Use: Scroll            |     3 |     4 |     4 |    10 |    10 |    13 ||    44
         Potion            |       |       |       |     1 |     1 |       ||     2
   Stab: Petrifying        |       |       |       |     1 |       |       ||     1
         Confused          |       |       |       |       |       |     1 ||     1
 Armour: Chain mail        |    98 |    76 |    71 |   117 |       |       ||   362
         Plate armour      |       |       |    64 |   263 |   914 |  1937 ||  3178
  Dodge: Dodged            |    57 |    63 |   101 |   145 |   320 |   845 ||  1531
  Block: Buckler           |    23 |       |       |    47 |       |       ||    70
         Other             |       |       |       |    90 |    80 |       ||   170
         Reflection        |       |       |       |     4 |       |       ||     4
